AoeStats
← J A K E J I M M Y

MegaRandom

510199757Analyzed
3v3 RM · 2d ago on Sep 29, 2026· 98m 53s· 6 players
Game mode
Random Map
Map size
Normal (6 player)
Population
200
Speed
Normal
Resources
Standard
Victory
Conquest
Starting age
Dark Age
Ending age
Imperial Age
RankedLock teamsTeams togetherTeam positionsShared explorationLock speedFull tech treeHidden civsTurbo modeCheats
Victory
Defeat
🇵🇱 Danes · Poland
845
+12
🇦🇷 Bulgarians · Argentina
769
+15
🇷🇺 Spanish · Russia
611
+23
🇬🇧 Saxons · United Kingdom
835
-20
🇲🇽 Varangians · Mexico
801
-19
🇺🇸 Wei · United States
620
-11
DeflateDez4BRADY
1:05 Loom
9:09 Feudal Age
11:27 Wheelbarrow
10:50 Double-Bit Axe
10:47 Horse Collar
20:59 Castle Age
19:03 Stone Mining
19:15 Gold Mining
22:28 Hand Cart
22:42 Bow Saw
27:22 Gold Shaft Mining
26:52 Heavy Plow
28:55 Tuntian
31:32 Imperial Age
30:35 Bloodlines
30:35 Thumb Ring
30:28 Fletching
30:44 Scale Barding Armor
31:25 Fishing Lines
33:34 Conscription
34:51 Gillnets
36:03 Fortified Wall
36:55 Chemistry
36:58 Ming Guang Armor
35:56 Elite Tiger Cavalry
37:05 Forging
36:59 Padded Archer Armor
40:05 Ming Guang Armor
43:15 Iron Casting
43:03 Chain Barding Armor
43:00 Leather Archer Armor
42:40 Bodkin Arrow
43:13 Parthian Tactics
42:11 Elite Skirmisher
48:07 Blast Furnace
47:08 Bracer
52:18 Ring Archer Armor
53:43 Caravan
63:44 Husbandry
65:56 Crop Rotation
Kan Balam MX
2:04 Loom
10:19 Feudal Age
13:07 Wheelbarrow
12:27 Double-Bit Axe
20:22 Castle Age
19:49 Horse Collar
22:09 Hand Cart
26:41 Bow Saw
26:48 Fletching
27:46 Heavy Plow
28:35 Gold Mining
28:36 Stone Mining
31:41 Arson
31:26 Man-at-Arms
31:52 Gambesons
32:08 Squires
38:43 Imperial Age
36:23 Treadmill Crane
37:56 Padded Archer Armor
39:16 Bodkin Arrow
39:32 Forging
J A K E J I M M Y
7:03 Loom
13:01 Feudal Age
14:47 Wheelbarrow
13:57 Town Watch
14:11 Fishing Lines
15:21 Horse Collar
16:39 Double-Bit Axe
20:25 Castle Age
21:37 Gambesons
21:55 Squires
23:45 Arson
24:26 Scale Mail Armor
24:37 Forging
27:28 Hand Cart
28:54 Chain Mail Armor
29:14 Iron Casting
36:09 Imperial Age
33:47 Heavy Plow
36:52 Bow Saw
36:13 Capped Ram
37:26 Elite Varangian Guard
40:46 Plate Mail Armor
40:08 Fletching
43:54 Shield Wall
48:48 Elite Hearth Troop
49:57 Bodkin Arrow
51:56 Herbal Medicine
88:56 Sanctity
89:03 Block Printing
Anubis
0:32 Loom
12:00 Feudal Age
13:30 Horse Collar
13:38 Double-Bit Axe
13:46 Gold Mining
23:01 Castle Age
21:40 Stone Mining
25:25 Stone Shaft Mining
24:55 Heavy Plow
26:42 Bow Saw
27:02 Fervor
27:35 Sanctity
27:44 Fortified Wall
27:32 Murder Holes
27:58 Ballistics
27:48 Masonry
51:49 Husbandry
52:00 Bloodlines
51:10 Light Cavalry
52:11 Forging
51:51 Fletching
52:02 Padded Archer Armor
52:02 Scale Mail Armor
52:07 Scale Barding Armor
53:00 Wheelbarrow
54:05 Iron Casting
53:25 Bodkin Arrow
53:46 Leather Archer Armor
53:51 Chain Barding Armor
53:47 Chain Mail Armor
54:47 Hand Cart
58:09 Imperial Age
58:15 Cavalier
58:16 Hussar
60:50 Blast Furnace
59:50 Bracer
60:21 Ring Archer Armor
60:22 Plate Mail Armor
60:28 Plate Barding Armor
61:26 Paladin
77:18 Chemistry
78:06 Architecture
94:10 Arrowslits
malolepszy.adrian
11:32 Feudal Age
12:51 Wheelbarrow
12:04 Double-Bit Axe
14:19 Horse Collar
21:13 Castle Age
20:48 Gold Mining
20:49 Stone Mining
22:33 Hand Cart
22:29 Heavy Plow
22:41 Bow Saw
24:28 Stone Shaft Mining
33:38 Imperial Age
31:59 Gold Shaft Mining
32:38 Thumb Ring
34:00 Forging
33:41 Fletching
33:52 Scale Mail Armor
33:52 Padded Archer Armor
33:54 Cranequins
35:11 Elite Varangian Guard
35:37 Arson
37:28 Ballistics
38:09 Chemistry
36:37 Heavy Mounted Crossbowman
44:37 Chemistry
48:27 Bodkin Arrow
48:48 Leather Archer Armor
53:11 Conscription
52:15 Hamask
53:54 Elite Jomsviking
56:18 Caravan
74:20 Pikeman
Nahue
1:43 Loom
9:21 Feudal Age
9:56 Double-Bit Axe
17:42 Castle Age
18:43 Bow Saw
21:22 Horse Collar
23:49 Heavy Plow
23:54 Stone Mining
23:54 Gold Mining
29:28 Gold Mining
33:18 Imperial Age
32:00 Town Watch
32:56 Wheelbarrow
33:15 Forging
33:11 Scale Barding Armor
33:08 Scale Mail Armor
34:43 Gold Shaft Mining
34:06 Pikeman
34:32 Gambesons
35:01 Elite Skirmisher
35:47 Thumb Ring
36:08 Hand Cart
35:46 Fletching
35:57 Padded Archer Armor
37:07 Husbandry
37:18 Bloodlines
37:18 Halberdier
38:20 Caravan
39:04 Crop Rotation
38:01 Cavalier
41:19 Iron Casting
41:05 Chain Barding Armor
40:42 Bodkin Arrow
41:06 Leather Archer Armor
44:58 Chain Mail Armor
45:44 Blast Furnace
45:52 Heavy Cavalry Archer
48:01 Bracer
48:31 Plate Mail Armor
Connection lost

Rejoining the realm…

Still unreachable

The connection could not be restored.

Session expired

The server has moved on; the page needs a fresh start.